3L
D.C. DIVIDED @ KINGSTON TOWNSHIP LEGION
08/06/2023
 
TOP OF THE 1ST
D.C. Divided batting - Pitching for Kingston Township Legion : RHP Greg White
Pitching: RHP Greg White
Batting: RHB Tony Romero 0-0: Ball
1-0: Foul Ball, location: 2F
1-1: Called Strike
1-2: Foul Ball, location: 2F
1-2: Foul Ball, location: 2F
1-2: SINGLE (Groundball, 4D)
Batting: RHB Brett Robinson 0-0: Called Strike
0-1: Ball
1-1: Ball
2-1: Ground out 5-3 (Groundball, 56S)
Tony Romero to second
Batting: LHB Ray Sears 0-0: Ball
1-0: Ground out 4-3 (Groundball, 34)
Tony Romero to third
Batting: LHB Charles Mathes 0-0: Fly out, F8 (Popup, 8LS)
Top of the 1st over - 0 run(s), 1 hit(s), 0 error(s), 1 left on base; D.C. 0 - Kingston Township 0
BOTTOM OF THE 1ST
Kingston Township Legion batting - Pitching for D.C. Divided : LHP Tetsuzan Kaneko
Pitching: LHP Tetsuzan Kaneko
Batting: LHB Forrest McCooke 0-0: Bunted foul
0-1: SOLO HOME RUN (Line Drive, 7LD), Distance : 362 ft
Batting: LHB Gonzalo López 0-0: Called Strike
0-1: Ball
1-1: Ball
2-1: Foul Ball, location: 2F
2-2: Ball
3-2: Strikes out swinging
Batting: RHB Layton Templeman 0-0: Ball
1-0: Ball
2-0: Fly out, F8 (Flyball, 8LS)
Batting: LHB Clay Rush 0-0: Called Strike
0-1: Foul Ball, location: 2F
0-2: Strikes out swinging
Bottom of the 1st over - 1 run(s), 1 hit(s), 0 error(s), 0 left on base; D.C. 0 - Kingston Township 1
TOP OF THE 2ND
D.C. Divided batting - Pitching for Kingston Township Legion : RHP Greg White
Batting: RHB Miguel Silva 0-0: Called Strike
0-1: Ground out 6-3 (Groundball, 4MS)
Batting: RHB Lúcio López 0-0: Ball
1-0: Ball
2-0: Foul Ball, location: 2F
2-1: Fly out, F8 (Flyball, 8LS)
Batting: SHB Félix Cruz 0-0: Ball
1-0: Called Strike
1-1: Swinging Strike
1-2: Ball
2-2: Strikes out swinging
Top of the 2nd over - 0 run(s), 0 hit(s), 0 error(s), 0 left on base; D.C. 0 - Kingston Township 1
BOTTOM OF THE 2ND
Kingston Township Legion batting - Pitching for D.C. Divided : LHP Tetsuzan Kaneko
Batting: RHB Akihiko Oike 0-0: Called Strike
0-1: Ball
1-1: Ball
2-1: Ground out 1-3 (Groundball, 13S)
Batting: RHB Clarence Neal 0-0: Ball
1-0: Ball
2-0: Foul Ball, location: 2F
2-1: Foul Ball, location: 2F
2-2: Fly out, F8 (Flyball, 8RD)
Batting: RHB Pedro Mendoza 0-0: Fly out, F7 (Flyball, 78S)
Bottom of the 2nd over - 0 run(s), 0 hit(s), 0 error(s), 0 left on base; D.C. 0 - Kingston Township 1
TOP OF THE 3RD
D.C. Divided batting - Pitching for Kingston Township Legion : RHP Greg White
Batting: LHB Ernesto Sánchez 0-0: Called Strike
0-1: Ball
1-1: Swinging Strike
1-2: Foul Ball, location: 2F
1-2: Strikes out swinging
Batting: RHB Cristo González 0-0: Ground out 1-3 (Groundball, 13)
Batting: RHB Tony Romero 0-0: Called Strike
0-1: Ball
1-1: Swinging Strike
1-2: Ball
2-2: Ball
3-2: Foul Ball, location: 2F
3-2: Strikes out swinging
Top of the 3rd over - 0 run(s), 0 hit(s), 0 error(s), 0 left on base; D.C. 0 - Kingston Township 1
BOTTOM OF THE 3RD
Kingston Township Legion batting - Pitching for D.C. Divided : LHP Tetsuzan Kaneko
Batting: RHB Henry Mann 0-0: Ground out U3 (Groundball, 3L)
Batting: RHB Jon Erickson 0-0: Called Strike
0-1: Called Strike
0-2: Ball
1-2: Foul Ball, location: 2F
1-2: Ball
2-2: Ball
3-2: Foul Ball, location: 2F
3-2: Ground out 4-3 (Groundball, 4M)
Batting: LHB Forrest McCooke 0-0: Swinging Strike
0-1: Ball
1-1: Ball
2-1: Called Strike
2-2: SOLO HOME RUN (Flyball, 7D), Distance : 399 ft
Batting: LHB Gonzalo López 0-0: Called Strike
0-1: Foul Ball, location: 2F
0-2: Ball
1-2: Ball
2-2: Strikes out swinging
Bottom of the 3rd over - 1 run(s), 1 hit(s), 0 error(s), 0 left on base; D.C. 0 - Kingston Township 2
TOP OF THE 4TH
D.C. Divided batting - Pitching for Kingston Township Legion : RHP Greg White
Batting: RHB Brett Robinson 0-0: Called Strike
0-1: DOUBLE (Flyball, 78D)
Batting: LHB Ray Sears 0-0: Ball
1-0: Called Strike
1-1: Ground out 6-3 (Groundball, 6)
Brett Robinson to third
Batting: LHB Charles Mathes 0-0: Foul Ball, location: 2F
0-1: Ball
1-1: Foul Ball, location: 2F
1-2: Strikes out swinging
Batting: RHB Miguel Silva 0-0: Ball
1-0: Foul Ball, location: 2F
1-1: Foul Ball, location: 2F
1-2: Strikes out swinging
Top of the 4th over - 0 run(s), 1 hit(s), 0 error(s), 1 left on base; D.C. 0 - Kingston Township 2
BOTTOM OF THE 4TH
Kingston Township Legion batting - Pitching for D.C. Divided : LHP Tetsuzan Kaneko
Batting: RHB Layton Templeman 0-0: Called Strike
0-1: Ball
1-1: Ball
2-1: Called Strike
2-2: Ground out 5-3 (Groundball, 15S)
Batting: LHB Clay Rush 0-0: Ball
1-0: Foul Ball, location: 2F
1-1: Foul Ball, location: 2F
1-2: Ball
2-2: Foul Ball, location: 2F
2-2: Ground out U3 (Groundball, 3L)
Batting: RHB Akihiko Oike 0-0: Ground out 6-3 (Groundball, 6M)
Bottom of the 4th over - 0 run(s), 0 hit(s), 0 error(s), 0 left on base; D.C. 0 - Kingston Township 2
TOP OF THE 5TH
D.C. Divided batting - Pitching for Kingston Township Legion : RHP Greg White
Batting: RHB Lúcio López 0-0: Swinging Strike
0-1: Foul Ball, location: 2F
0-2: Foul Ball, location: 2F
0-2: Ball
1-2: Ball
2-2: Ground out 6-3 (Groundball, 6)
Batting: SHB Félix Cruz 0-0: SINGLE (Line Drive, 56)
Batting: LHB Ernesto Sánchez 0-0: Ball
1-0: DOUBLE (Groundball, 3D)
Félix Cruz to third
Runner from 3rd tries for Home, throw and OUT!
Batting: RHB Cristo González 0-0: Called Strike
0-1: Ball
1-1: SINGLE (Groundball, 56D) (infield hit)
Ernesto Sánchez to third
Batting: RHB Tony Romero 0-0: Swinging Strike
0-1: SINGLE (Flyball, 89S)
Ernesto Sánchez scores
Cristo González to second
Runner from 2nd tries for 3rd, SAFE, throw made to third
Tony Romero to second
Batting: RHB Brett Robinson 0-0: Ball
1-0: Fly out, F8 (Flyball, 8LM)
Top of the 5th over - 1 run(s), 4 hit(s), 0 error(s), 2 left on base; D.C. 1 - Kingston Township 2
BOTTOM OF THE 5TH
Kingston Township Legion batting - Pitching for D.C. Divided : LHP Tetsuzan Kaneko
Batting: RHB Clarence Neal 0-0: Foul Ball, location: 2F
0-1: Ball
1-1: Ball
2-1: Ball
3-1: Called Strike
3-2: Ground out 6-3 (Groundball, 6)
Batting: RHB Pedro Mendoza 0-0: Ball
1-0: SINGLE (Popup, 56)
Batting: RHB Henry Mann 0-0: Ball
1-0: SINGLE (Line Drive, 8LS)
Pedro Mendoza to second
Batting: RHB Jon Erickson 0-0: Called Strike
0-1: Called Strike
0-2: Ball
1-2: Foul Ball, location: 2F
1-2: Fly out, F8 (Flyball, 8RM)
Batting: LHB Forrest McCooke 0-0: Ball
1-0: Ground out 4-3 (Groundball, 6M)
Bottom of the 5th over - 0 run(s), 2 hit(s), 0 error(s), 2 left on base; D.C. 1 - Kingston Township 2
TOP OF THE 6TH
D.C. Divided batting - Pitching for Kingston Township Legion : RHP Greg White
Batting: LHB Ray Sears 0-0: Foul Ball, location: 2F
0-1: Called Strike
0-2: Ball
1-2: Strikes out swinging
Batting: LHB Charles Mathes 0-0: Foul Ball, location: 2F
0-1: Ball
1-1: Foul Ball, location: 2F
1-2: Strikes out swinging
Batting: RHB Miguel Silva 0-0: Ball
1-0: Ball
2-0: Swinging Strike
2-1: Ball
3-1: Fly out, F4 (Popup, 3)
Top of the 6th over - 0 run(s), 0 hit(s), 0 error(s), 0 left on base; D.C. 1 - Kingston Township 2
BOTTOM OF THE 6TH
Kingston Township Legion batting - Pitching for D.C. Divided : LHP Tetsuzan Kaneko
Batting: LHB Gonzalo López 0-0: Ball
1-0: Called Strike
1-1: Foul Ball, location: 2F
1-2: SINGLE (Line Drive, 34D)
Batting: RHB Layton Templeman 0-0: Grounds into double play, 6-4-3 (Groundball, 6)
Batting: LHB Clay Rush 0-0: Ball
1-0: Foul Ball, location: 2F
1-1: Ball
2-1: Ball
3-1: Called Strike
3-2: Fly out, F7 (Line Drive, 78S)
Bottom of the 6th over - 0 run(s), 1 hit(s), 0 error(s), 0 left on base; D.C. 1 - Kingston Township 2
TOP OF THE 7TH
D.C. Divided batting - Pitching for Kingston Township Legion : RHP Greg White
Batting: RHB Lúcio López 0-0: Ball
1-0: Called Strike
1-1: Ground out 6-3 (Groundball, 6M)
Batting: SHB Félix Cruz 0-0: Foul Ball, location: 2F
0-1: Ball
1-1: Ball
2-1: Foul Ball, location: 2F
2-2: Strikes out swinging
Batting: LHB Ernesto Sánchez 0-0: Ground out U3 (Groundball, 3)
Top of the 7th over - 0 run(s), 0 hit(s), 0 error(s), 0 left on base; D.C. 1 - Kingston Township 2
BOTTOM OF THE 7TH
Kingston Township Legion batting - Pitching for D.C. Divided : LHP Tetsuzan Kaneko
Batting: RHB Akihiko Oike 0-0: Ball
1-0: Foul Ball, location: 2F
1-1: Ground out 6-3 (Groundball, 6)
Batting: RHB Clarence Neal 0-0: DOUBLE (Line Drive, 8RXD)
Batting: RHB Pedro Mendoza 0-0: Intentional Walk
Pinch Hitting: RHB Pete Knight 0-0: Grounds into double play, 5-4-3 (Groundball, 56)
Bottom of the 7th over - 0 run(s), 1 hit(s), 0 error(s), 1 left on base; D.C. 1 - Kingston Township 2
TOP OF THE 8TH
D.C. Divided batting - Pitching for Kingston Township Legion : RHP Greg White
Now in RF: Martín Núñes
Batting: RHB Cristo González 0-0: Ball
1-0: Called Strike
1-1: Fly out, F3 (Line Drive, 3)
Batting: RHB Tony Romero 0-0: Ball
1-0: Ground out 4-3 (Groundball, 4)
Batting: RHB Brett Robinson 0-0: Ball
1-0: Ball
2-0: Called Strike
2-1: Ball
3-1: DOUBLE (Flyball, 78M)
Batting: LHB Ray Sears 0-0: Called Strike
0-1: Fly out, F4 (Popup, 4M)
Top of the 8th over - 0 run(s), 1 hit(s), 0 error(s), 1 left on base; D.C. 1 - Kingston Township 2
BOTTOM OF THE 8TH
Kingston Township Legion batting - Pitching for D.C. Divided : LHP Tetsuzan Kaneko
Batting: RHB Jon Erickson 0-0: Called Strike
0-1: Foul Ball, location: 2F
0-2: Foul Ball, location: 2F
0-2: Fly out, F7 (Flyball, 78M)
Batting: LHB Forrest McCooke 0-0: Foul Ball, location: 2F
0-1: Foul Ball, location: 2F
0-2: SINGLE (Line Drive, 34D)
Batting: LHB Gonzalo López 0-0: Ball
1-0: Called Strike
Forrest McCooke steals 2nd base
1-1: Swinging Strike
1-2: Ball
2-2: SINGLE (Flyball, 7LS)
Forrest McCooke to third
Runner from 3rd tries for Home, SAFE, no throw or cutoff
Batting: RHB Layton Templeman 0-0: Called Strike
0-1: Ball
1-1: Ball
2-1: Ball
3-1: Grounds into double play, 5-4-3 (Groundball, 56)
Bottom of the 8th over - 1 run(s), 2 hit(s), 0 error(s), 0 left on base; D.C. 1 - Kingston Township 3
TOP OF THE 9TH
D.C. Divided batting - Pitching for Kingston Township Legion : RHP Greg White
Batting: LHB Charles Mathes 0-0: Called Strike
0-1: Ball
1-1: Ball
2-1: Ball
3-1: Ground out U3 (Groundball, 3)
Batting: RHB Miguel Silva 0-0: Swinging Strike
0-1: SINGLE (Groundball, 4MD)
Pitching: RHP Bruce Hamilton
Batting: RHB Lúcio López 0-0: Ball
1-0: Ball
2-0: Grounds into double play, 5-4-3 (Groundball, 56)
Top of the 9th over - 0 run(s), 1 hit(s), 0 error(s), 0 left on base; D.C. 1 - Kingston Township 3
This league is powered by Out of the Park Baseball, the baseball management simulation game for PC, Mac and Linux
Friday, July 8th, 2016 - OOTP Baseball 16.9 Build 39